 Dungeon Crawl Stone Soup version 0.22.1-6-g1668fe2c40 (webtiles) character file.

66 megalastik the Cudgeler (level 4, 0/28 HPs)
             Began as a Gargoyle Monk on Jan 28, 2019.
             Slain by a rat (1 damage)
             ... on level 2 of the Dungeon on Jan 29, 2019.
             The game lasted 00:14:34 (1889 turns).

megalastik the Cudgeler (Gargoyle Monk)             Turns: 1889, Time: 00:14:34

Health: 0/28       AC:  8    Str: 16    XL:     4   Next: 15%
Magic:  4/4        EV: 12    Int: 10    God:
Gold:   87         SH:  0    Dex: 12    Spells: 3/3 levels left

rFire    . . .     SeeInvis .   a - +0 mace
rCold    . . .     Gourm    .   (no shield)
rNeg     + . .     Faith    .   k - +0 ring mail
rPois    ∞         Spirit   .   (no helmet)
rElec    +         Reflect  .   (no cloak)
rCorr    .         Harm     .   (no gloves)
MR       +....                  (no boots)
Stlth    +.........             (no amulet)
HPRegen  0.09/turn              m - ring of protection from magic
MPRegen  0.09/turn              (no ring)

@: no status effects
A: negative energy resistance 1, electricity resistance, unbreathing,
petrification resistance, rot immunity, AC +3
a: no special abilities


You were on level 2 of the Dungeon.
You were very hungry.

You visited 1 branch of the dungeon, and saw 2 of its levels.

You collected 87 gold pieces.

Inventory:

Hand Weapons
 a - a +0 mace (weapon)
 e - a +0 dagger
 f - a +0 dagger
 j - a +0 club
 l - a +0 hand axe
 s - a +0 dagger
 t - a +0 dagger
 w - a +0 rapier
 A - a +0 club
Missiles
 g - 45 arrows
 o - 33 stones (quivered)
 y - 16 bolts
Armour
 b - a +0 robe
 i - a +0 leather armour
 k - a +0 ring mail (worn)
 r - a +0 pair of boots
Jewellery
 m - a ring of protection from magic (left hand)
 z - a +4 ring of intelligence {unknown}
Scrolls
 p - a scroll of teleportation
 u - a scroll of remove curse
 v - a scroll of enchant armour {unknown}
 x - 2 scrolls of identify
Potions
 d - a potion of ambrosia {unknown}
 h - a potion of heal wounds {unknown}
 n - a potion of invisibility {unknown}
 q - 4 potions of haste {unknown}
Comestibles
 c - 8 rations


   Skills:
 + Level 3.6 Fighting
 + Level 3.9 Maces & Flails
 + Level 0.8 Armour
 + Level 3.0 Dodging
 + Level 2.3 Stealth


You had 3 spell levels left.
You didn't know any spells.
Your spell library was empty.

Dungeon Overview and Level Annotations

Branches:
Dungeon (2/15)

Altars:
Qazlal


Innate Abilities, Weirdness & Mutations

You are resistant to torment.
Your stone body is resilient. (AC +3)
You are immune to poison.
You resist negative energy. (rN+)
You are resistant to electric shocks. (rElec)
You can survive without breathing.
You are immune to petrification.
You are immune to rotting.


Message History

The goblin closely misses you. The rat barely misses you.
The goblin misses you. The rat barely misses you. The goblin misses you.
The rat bites you.
* * * LOW HITPOINT WARNING * * *
The goblin closely misses you. The rat closely misses you.
The goblin closely misses you. The rat bites you but does no damage.
The goblin hits you but does no damage. The rat bites you but does no damage.
The goblin misses you. The rat closely misses you.
The goblin barely misses you. The rat bites you but does no damage.
The goblin closely misses you. The rat barely misses you.
The goblin barely misses you. The rat closely misses you.
The goblin hits you but does no damage. The rat closely misses you.
The goblin closely misses you. The rat bites you but does no damage.
The goblin barely misses you. The rat bites you but does no damage.
The goblin misses you. The rat bites you.
* * * LOW HITPOINT WARNING * * *
The goblin hits you.
* * * LOW HITPOINT WARNING * * *
The rat bites you.
You die...

##.####### #... #..# #..
##### ##.# #.# ....
#.########.###... #
#....##....##..# #..
###..........##.# ....
................###.....
.#......................
.#............##@r......
###...........##g###....
# ##...##....##..# !. #
########.##..## ####
#.##.# ...# ..... .#...
.. .## .# #. .. ..#


You could see a goblin and a rat.

Vanquished Creatures
  3 adders (D:2)
  An ooze (D:2)
  2 leopard geckos
  3 bats
  4 giant cockroaches
  5 goblins
  3 hobgoblins (D:2)
  2 jackals (D:1)
  4 frilled lizards
  A kobold (D:1)
  4 rats
32 creatures vanquished.

Notes
Turn   | Place    | Note
-------+----------+-------------------------------------------
     0 | D:1      | megalastik the Gargoyle Monk began the quest for the Orb.
     0 | D:1      | Reached XP level 1. HP: 14/14 MP: 1/1
   670 | D:1      | Reached XP level 2. HP: 8/19 MP: 2/2
  1407 | D:2      | Found a stormy altar of Qazlal.
  1422 | D:2      | Reached XP level 3. HP: 17/23 MP: 3/3
  1716 | D:2      | Reached XP level 4. HP: 20/28 MP: 4/4
  1889 | D:2      | HP: 1/28 [goblin (3)]
  1889 | D:2      | Slain by a rat

Skill      XL: |  1  2  3 |
---------------+----------+-----
Dodging        | 3 |  3.0
Fighting       | |  3.6
Maces & Flails | |  3.9
Armour         | |  0.8
Stealth        | |  2.3

Action                   |  1- 3 |  4- 6 || total
-------------------------+-------+-------++-------
Melee: Mace              |   109 |     4 ||   113
  Use: Scroll            |     2 |       ||     2
 Stab: Sleeping          |     1 |       ||     1
  Eat: Chunk             |     2 |       ||     2
Armor: Leather armour    |    10 |       ||    10
       Robe              |     2 |       ||     2
       Ring mail         |    60 |    94 ||   154
Dodge: Dodged            |   108 |   157 ||   265
